 Dungeon Crawl Stone Soup version 0.29.0-13-gc9e81de378 (webtiles) character file.

Game seed: 18282634407379058354

1167 NinjaNoafa the Vexing (level 8, -1/60 HPs)
             Began as a Gnoll Arcane Marksman on Sept 7, 2022.
             Was an Initiate of Sif Muna.
             Slain by an ice beast (14 damage)
             ... on level 5 of the Dungeon.
             The game lasted 00:16:14 (6280 turns).

NinjaNoafa the Vexing (Gnoll Arcane Marksman)       Turns: 6280, Time: 00:16:14

Health: -1/60      AC:  5    Str: 10    XL:     8   Next: 40%
Magic:  10/14      EV: 18    Int: 12    God:    Sif Muna [......]
Gold:   263        SH:  5    Dex: 15    Spells: 13/15 levels left

rFire   . . .      SeeInvis .   a - +3 sling
rCold   . . .      Faith    .   k - orb {*Rage}
rNeg    . . .      Spirit   .   c - +0 robe
rPois   .          Reflect  +   (no helmet)
rElec   .          Harm     .   (no cloak)
rCorr   .          Rampage  .   (no gloves)
Will    +....      Rage     20% s - +2 pair of boots
Stlth   ++........              i - amulet of reflection
HPRegen 0.20/turn               j - ring of willpower
MPRegen 0.14/turn               n - +4 ring of evasion

@: very slightly contaminated
A: fangs 1, strong nose, distributed training
a: Renounce Religion


You were on level 5 of the Dungeon.
You worshipped Sif Muna.
Sif Muna was noncommittal.
You visited 2 branches of the dungeon, and saw 6 of its levels.

You collected 305 gold pieces.
You spent 42 gold pieces at shops.

Inventory:

Hand Weapons
 a - a +3 sling (weapon)
 g - a +0 short sword
Missiles
 b - 5 atropa-tipped darts
 f - 70 stones
 l - 10 boomerangs
 o - 5 poisoned darts
Armour
 c - a +0 robe (worn)
 k - an orb of wrath (worn)
 s - a +2 pair of boots (worn)
Magical Staves
 d - a staff of fire
Jewellery
 i - an amulet of reflection (around neck)
 j - a ring of willpower (left hand)
 m - a ring of wizardry
 n - a +4 ring of evasion (right hand)
Scrolls
 h - a scroll of silence
 q - a scroll of blinking
Potions
 e - 2 potions of brilliance
 r - 2 potions of attraction


   Skills:
 + Level 4.3 Fighting
 + Level 3.3 Short Blades
 + Level 3.3 Long Blades
 + Level 3.3 Axes
 + Level 3.3 Maces & Flails
 + Level 3.3 Polearms
 + Level 3.3 Staves
 + Level 5.7 Ranged Weapons
 + Level 3.3 Throwing
 + Level 3.3 Armour
 + Level 5.7 Dodging
 + Level 3.3 Stealth
 + Level 3.3 Shields
 + Level 3.3 Unarmed Combat
 + Level 4.4 Spellcasting
 + Level 2.7 Conjurations
 + Level 6.1 Hexes
 + Level 2.7 Summonings
 + Level 2.7 Necromancy
 + Level 2.7 Translocations
 + Level 2.7 Transmutations
 + Level 2.7 Fire Magic
 + Level 2.7 Ice Magic
 + Level 2.7 Air Magic
 + Level 2.7 Earth Magic
 + Level 2.7 Poison Magic
 + Level 3.7 Invocations
 + Level 3.3 Evocations


You had 13 spell levels left.
You knew the following spells:

 Your Spells              Type           Power      Damage    Failure   Level
a - Slow                  Hex            68%        N/A       1%          1
b - Beastly Appendage     Tmut           18%        N/A       7%          1

Your spell library contained the following spells:

 Spells                   Type           Power      Damage    Failure   Level
 Inner Flame              Hex/Fire       13%        N/A       10%         3
 Portal Projectile        Hex/Tloc       26%        N/A       10%         3
 Wereblood                Tmut           9%         N/A       11%         2
 Cause Fear               Hex            8%         N/A       17%         4
 Spider Form              Tmut/Pois      9%         N/A       21%         3
 Anguish                  Hex/Necr       6%         N/A       32%         4
 Enfeeble                 Hex            8%         N/A       100%        7


Dungeon Overview and Level Annotations

Branches:
Dungeon (5/15)             Temple (1/1) D:5

Altars:
Cheibriados
Dithmenos
Elyvilon
Fedhas
Gozag
Hepliaklqana
Kikubaaqudgha
Makhleb
Okawaru
Ru
Sif Muna
Trog
Uskayaw
Vehumet
Wu Jian
Yredelemnul
The Shining One

Shops:
D:5 (

Annotations:
D:2 1 runed translucent door, Crazy Yiuf


Innate Abilities, Weirdness & Mutations

You have very sharp teeth.
Your uncanny sense of smell can sniff out nearby items.
Your experience applies equally to all skills.


Message History

The ice beast barely misses you. The ice beast attacks as you move away!
You block the ice beast's attack. The ice beast barely misses you.
Casting: Slow (safe; 1% risk of failure)
Confirm with . or Enter, or press ? or * to list all spells.
Aiming: Slow (safe; 1% risk of failure)
Press: ? - help, Shift-Dir - straight line, f - ice beast
Aim: an ice beast (severely wounded, chance to affect: 56%)
The ice beast resists with significant effort.
The ice beast hits you. The ice beast freezes you!
* * * LOW HITPOINT WARNING * * *
The ice beast attacks as you move away! You block the ice beast's attack.
a - a +3 sling (weapon)
The ice beast completely misses you.
Casting: Slow (safe; 1% risk of failure)
Confirm with . or Enter, or press ? or * to list all spells.
Aiming: Slow (safe; 1% risk of failure)
Press: ? - help, Shift-Dir - straight line, f/p - ice beast
Aim: an ice beast (severely wounded, chance to affect: 56%)
You miscast Slow.
You are very lightly contaminated with residual magic.
Nothing appears to happen.
You recover from your berserk rage.
The ice beast hits you but does no damage.
Casting: Slow (safe; 1% risk of failure)
Confirm with . or Enter, or press ? or * to list all spells.
Aiming: Slow (safe; 1% risk of failure)
Press: ? - help, Shift-Dir - straight line, f/p - ice beast
Aim: an ice beast (severely wounded, chance to affect: 56%)
The ice beast resists with significant effort.
The ice beast barely misses you.
Casting: Slow (safe; 1% risk of failure)
Confirm with . or Enter, or press ? or * to list all spells.
Aiming: Slow (safe; 1% risk of failure)
Press: ? - help, Shift-Dir - straight line, f/p - ice beast
Aim: an ice beast (severely wounded, chance to affect: 56%)
The ice beast seems to slow down.
The ice beast hits you.
* * * LOW HITPOINT WARNING * * *
The ice beast freezes you!
You die...

#. #.# #. #.# #.# #.##
#.# #.# #... #.# #.#
#..# #.# ####.# #..#
#.# #....# #..#
#.#######.##..
#..######..<##........
#...Y@....#.##.##.####
#########...##.##.#
##.........#
##.....###..###
#....<..##....#
##.....###..#.#
##.........#.#
##.###.##.#.## ###
#.#....n.


You could see an ice beast (slow).

Vanquished Creatures
  Grinder (D:4)
  Prince Ribbit (D:5)
  A centaur (D:5)
  A phantom (D:5)
  A scorpion (D:4)
  2 necrophages
  2 jellies
  3 hounds
  4 iguanas
  Terence (D:2)
  An orc wizard (D:5)
  2 adders
  7 gnolls
  2 ufetubi (D:5)
  A worm (D:4)
  4 dart slugs
  2 orcs (D:3)
  4 endoplasms
  2 giant cockroaches
  4 goblins
  2 hobgoblins
  4 jackals (D:4)
  4 quokkas
  10 ball pythons
  8 bats
  2 frilled lizards
  9 kobolds
  9 rats
94 creatures vanquished.

Vanquished Creatures (others)
  4 fungi
4 creatures vanquished.

Grand Total: 98 creatures vanquished

Notes
Turn   | Place    | Note
-------+----------+-------------------------------------------
     0 | D:1      | NinjaNoafa the Gnoll Arcane Marksman began the quest for
                  | the Orb.
     0 | D:1      | Reached XP level 1. HP: 17/17 MP: 4/4
    20 | D:1      | Found a faded altar of an unknown god.
   301 | D:1      | Reached XP level 2. HP: 23/23 MP: 5/5
  1004 | D:1      | Reached XP level 3. HP: 27/28 MP: 4/7
  1459 | D:2      | Noticed Terence
  1502 | D:2      | Reached skill level 1 in Invocations
  1526 | D:2      | Reached skill level 1 in Short Blades
  1526 | D:2      | Reached skill level 1 in Long Blades
  1526 | D:2      | Reached skill level 1 in Axes
  1526 | D:2      | Reached skill level 1 in Maces & Flails
  1526 | D:2      | Reached skill level 1 in Polearms
  1526 | D:2      | Reached skill level 1 in Staves
  1526 | D:2      | Reached skill level 1 in Throwing
  1526 | D:2      | Reached skill level 1 in Armour
  1526 | D:2      | Reached skill level 1 in Stealth
  1526 | D:2      | Reached skill level 1 in Shields
  1526 | D:2      | Reached skill level 1 in Unarmed Combat
  1526 | D:2      | Reached skill level 1 in Evocations
  1529 | D:2      | Reached XP level 4. HP: 12/34 MP: 8/8
  1529 | D:2      | Killed Terence
  1530 | D:2      | Reached skill level 1 in Conjurations
  1530 | D:2      | Reached skill level 1 in Summonings
  1530 | D:2      | Reached skill level 1 in Necromancy
  1530 | D:2      | Reached skill level 1 in Translocations
  1530 | D:2      | Reached skill level 1 in Transmutations
  1530 | D:2      | Reached skill level 1 in Fire Magic
  1530 | D:2      | Reached skill level 1 in Ice Magic
  1530 | D:2      | Reached skill level 1 in Air Magic
  1530 | D:2      | Reached skill level 1 in Earth Magic
  1530 | D:2      | Reached skill level 1 in Poison Magic
  1998 | D:2      | Reached XP level 5. HP: 40/40 MP: 9/9
  2277 | D:2      | Found a runed translucent door.
  2278 | D:2      | Noticed Crazy Yiuf
  3355 | D:4      | Found a hazy altar of Hepliaklqana.
  3470 | D:4      | Reached XP level 6. HP: 36/47 MP: 9/11
  4091 | D:4      | Reached skill level 5 in Ranged Weapons
  4091 | D:4      | Reached skill level 5 in Dodging
  4194 | D:4      | Noticed Grinder
  4228 | D:4      | Killed Grinder
  4229 | D:4      | Reached XP level 7. HP: 38/52 MP: 12/12
  4461 | D:5      | Entered Level 5 of the Dungeon
  4481 | D:5      | Found Enwih's Weapon Emporium.
  4489 | D:5      | Bought 5 atropa-tipped darts for 42 gold pieces
  5287 | D:5      | Found a staircase to the Ecumenical Temple.
  5303 | Temple   | Entered the Ecumenical Temple
  5492 | Temple   | Became a worshipper of Sif Muna the Loreminder
  5658 | D:5      | Noticed Prince Ribbit
  5677 | D:5      | Killed Prince Ribbit
  5678 | D:5      | Reached skill level 6 in Hexes
  5678 | D:5      | Reached XP level 8. HP: 26/60 MP: 14/14
  5940 | D:5      | Learned a level 1 spell: Beastly Appendage
  6280 | D:5      | Slain by an ice beast

Illustrated notes

Levels and vault maps discovered:
D:1:      dpeg_arrival_tiny_a, layout_basic,
          shapermc_ecumenical_altar_mp_ritualfount
D:2:      cheibrodos_helix_gallery, layout_loops_ring, uniq_terence,
          uniq_crazy_yiuf_cottage
D:3:      layout_basic, minmay_misc_feat_pillars
D:4:      layout_basic, mainiacjoe_overflow_six_doors_small, uniq_grinder
D:5:      layout_loops_ring, minmay_temple_entry_hall, serial_shops, shop,
          kennysheep_small_circle, uniq_prince_ribbit1
Temple:   eino_temple_scatter_basement

Skill      XL: |  1  2  3  4  5  6  7 |
---------------+----------------------+-----
Invocations    | 1 2 3 |  3.7
Short Blades   | 1 2 3 |  3.3
Long Blades    | 1 2 3 |  3.3
Axes           | 1 2 3 |  3.3
Maces & Flails | 1 2 3 |  3.3
Polearms       | 1 2 3 |  3.3
Staves         | 1 2 3 |  3.3
Throwing       | 1 2 3 |  3.3
Armour         | 1 2 3 |  3.3
Stealth        | 1 2 3 |  3.3
Shields        | 1 2 3 |  3.3
Unarmed Combat | 1 2 3 |  3.3
Evocations     | 1 2 3 |  3.3
Spellcasting   | 3 4 |  4.4
Conjurations   | 1 2 |  2.7
Summonings     | 1 2 |  2.7
Necromancy     | 1 2 |  2.7
Translocations | 1 2 |  2.7
Transmutations | 1 2 |  2.7
Fire Magic     | 1 2 |  2.7
Ice Magic      | 1 2 |  2.7
Air Magic      | 1 2 |  2.7
Earth Magic    | 1 2 |  2.7
Poison Magic   | 1 2 |  2.7
Fighting       | 3 4 |  4.3
Ranged Weapons | 5 |  5.7
Dodging        | 5 |  5.7
Hexes          | 6 |  6.1

Action                   |  1- 3 |  4- 6 |  7- 9 || total
-------------------------+-------+-------+-------++-------
Melee: Unarmed           |     8 |     8 |       ||    16
       Short sword       |       |    15 |    11 ||    26
       Bite              |       |     4 |       ||     4
       Staff             |       |       |    26 ||    26
       Headbutt          |       |       |     4 ||     4
 Fire: Sling             |   103 |   144 |   114 ||   361
 Cast: Slow              |    17 |    28 |    21 ||    66
       Beastly Appendage |       |       |     1 ||     1
  Use: Scroll            |     5 |     7 |     5 ||    17
       Potion            |     5 |       |     3 ||     8
 Stab: Invisible         |       |       |     1 ||     1
Armor: Robe              |    16 |     8 |    10 ||    34
       Skin              |    36 |    13 |       ||    49
Dodge: Dodged            |    76 |    86 |   154 ||   316
Block: Other             |       |       |    14 ||    14
       Orb               |       |       |     7 ||     7
       Reflection        |       |       |     1 ||     1
